 Dungeon Crawl Stone Soup version 0.28.0-43-g3370ac3207 (webtiles) character file.

Game seed: 8909988468294229677

28 issech the Cudgeller (level 2, -5/29 HPs)
             Began as a Troll Monk on Apr 2, 2022.
             Slain by Sigmund
             ... wielding a +0 scythe of freezing
              (11 damage)
             ... on level 2 of the Dungeon.
             The game lasted 00:03:22 (1195 turns).

issech the Cudgeller (Troll Monk)                   Turns: 1195, Time: 00:03:23

Health: -5/29      AC:  4    Str: 18    XL:     2   Next: 96%
Magic:  1/1        EV: 10    Int:  6    God:
Gold:   107        SH:  0    Dex: 12    Spells: 1/1 levels left

rFire   . . .      SeeInvis .   a - +0 mace
rCold   . . .      Faith    .   (no shield)
rNeg    . . .      Spirit   .   b - +0 robe
rPois   .          Reflect  .   (helmet restricted)
rElec   .          Harm     .   i - scarf {shadows}
rCorr   .          Rampage  .   (gloves unavailable)
Will    .....                   (boots unavailable)
Stlth   +.........              (no amulet)
HPRegen 0.89/turn               (no ring)
MPRegen 0.07/turn               (no ring)

@: confused
A: large, unfitting armour, claws 3, regeneration 1, shaggy fur 1, tough skin 1
a: no special abilities


You were on level 2 of the Dungeon.
You visited 1 branch of the dungeon, and saw 2 of its levels.

You collected 107 gold pieces.

Inventory:

Hand Weapons
 a - a +0 mace (weapon)
Missiles
 c - 31 stones (quivered)
 f - 19 arrows
 j - 25 bolts
Armour
 b - a +0 robe (worn)
 i - a scarf of shadows (worn)
Magical Staves
 h - a staff of cold
Scrolls
 g - 2 scrolls of identify {unknown}
Potions
 d - a potion of heal wounds {unknown}
 e - a potion of might {unknown}


   Skills:
 + Level 2.5 Fighting
 + Level 3.2 Maces & Flails
 + Level 2.7 Dodging
 + Level 1.1 Stealth


You had one spell level left.
You didn't know any spells.
Your spell library was empty.

Dungeon Overview and Level Annotations

Branches:
Dungeon (2/15)

Altars:

Annotations:
D:2 Sigmund


Innate Abilities, Weirdness & Mutations

You are too large for most types of armour.
You have claws for hands.
Your natural rate of healing is unusually fast.
You are covered in fur. (AC +1)
You have tough skin. (AC +1)


Message History

You throw a stone. The stone closely misses Sigmund.
The stone hits the jackal but does no damage.
Sigmund points at you and mumbles some strange words.
You resist with significant effort.
Sigmund gestures wildly while chanting.
Sigmund flickers and vanishes!
Deactivating autopickup; reactivate with Ctrl-A.
You throw a stone. The stone closely misses the jackal.
The jackal bites you but does no damage.
The jackal closely misses you.
You barely miss the jackal.
The jackal bites you but does no damage.
Something hits you! Something freezes you.
You sock the jackal!
You kill the jackal!
You hear some strange, mumbled words.
Something tries to affect you, but you resist.
You are confused.
Something hits you. Something freezes you.
You bump into the rock wall.
A magic dart appears from out of thin air!
The magic dart hits you.
You feel less confused.
You hear some strange, mumbled words.
A puff of flame appears from out of thin air!
The puff of flame hits you! Something hits you. Something freezes you.
* * * LOW HITPOINT WARNING * * *
You hear some strange, mumbled words.
You are confused.
Something hits you.
* * * LOW HITPOINT WARNING * * *
Something freezes you.
* * * LOW HITPOINT WARNING * * *
You're too confused to move!
Unknown command.
You hear some strange, mumbled words.
You are more confused.
You're too confused to move!
Something hits you!
You die...

###.#.......#.#.......#
#>..........[........+
#..#..##.............####
#........................ .<..
#..#..##.#.#......#####.# #..###
#..#..##.#.###.....# ##.###.....
##..#..##.#.###.....###..........
.)........#......................
##+##..########.@...###..........
..............###...........
#.####...................... .#
#.####.........†....(.. .#
#.####.#####.#.######## .
...................#
#.####.#.###.#.....#
#.#...#.#.....# #.#.#.#.#.....#


There were no monsters in sight!

Vanquished Creatures
  A worm (D:2)
  A dart slug (D:1)
  An endoplasm (D:1)
  2 giant cockroaches
  4 jackals
  4 kobolds
  A quokka (D:1)
  2 ball pythons
  3 frilled lizards
  2 goblins (D:1)
  A rat (D:2)
22 creatures vanquished.

Notes
Turn   | Place    | Note
-------+----------+-------------------------------------------
     0 | D:1      | issech the Troll Monk began the quest for the Orb.
     0 | D:1      | Reached XP level 1. HP: 22/22 MP: 0/0
   524 | D:1      | Reached XP level 2. HP: 29/29 MP: 1/1
   529 | D:1      | Reached skill level 3 in Maces & Flails
  1157 | D:2      | Noticed Sigmund
  1195 | D:2      | Slain by Sigmund

Illustrated notes

Levels and vault maps discovered:
D:1:      dpeg_arrival_three_same_balls, layout_basic
D:2:      layout_basic, hellmonk_ecumenical_altar_dog_temple,
          chequers_serial_rivers_marsh, uniq_sigmund

Skill      XL: |  1  2 |
---------------+-------+-----
Maces & Flails | 3 |  3.2
Fighting       | |  2.5
Dodging        | |  2.7
Stealth        | |  1.1

Action                   || total
-------------------------++-------
Melee: Mace              ||    71
Throw: Stone             ||    15
 Stab: Sleeping          ||     1
Armor: Robe              ||    30
Dodge: Dodged            ||    45
